 Dungeon Crawl Stone Soup version 0.26-a0-812-g31a745ddcd (webtiles) character file.

Game seed: 9826309385441916773

1040 nicanaca0 the Cudgeller (level 8, 0/74 HPs)
             Began as a Palentonga Fighter on Nov 22, 2020.
             Slain by a wight
             ... wielding a +0 dire flail of protection
              (1 damage)
             ... on level 6 of the Dungeon.
             The game lasted 00:07:29 (4969 turns).

nicanaca0 the Cudgeller (Palentonga Fighter)        Turns: 4969, Time: 00:07:29

Health: 0/74       AC: 16    Str: 20      XL:     8   Next: 4%
Magic:  8/8        EV:  1    Int:  9      God:
Gold:   162        SH:  0    Dex:  0 (11) Spells: 7/7 levels left

rFire    + . .     SeeInvis +   l - +3 flail (curse)
rCold    x . .     Faith    .   c - +0 kite shield
rNeg     . . .     Spirit   .   w - +1 plate armour
rPois    .         Reflect  .   (no helmet)
rElec    .         Harm     .   (no cloak)
rCorr    .         Rampage  .   (no gloves)
MR       .....                  (no barding)
Stlth    ..........             (no amulet)
HPRegen  0.22/turn              m - ring of fire
MPRegen  0.11/turn              (no ring)

@: slowed, lost dexterity, very heavily drained, curled up, very slow
A: large, rugged brown scales 3, see invisible, deformed body, roll, armoured
tail, reflexive curl
a: Rolling Charge


You were on level 6 of the Dungeon.
You visited 1 branch of the dungeon, and saw 6 of its levels.

You collected 162 gold pieces.

Inventory:

Hand Weapons
 a - a +0 flail
 l - a cursed +3 flail (weapon)
 y - a +1 broad axe
Missiles
 h - 17 poisoned darts
 D - 2 curare-tipped darts (quivered)
Armour
 c - a +0 kite shield (worn)
 w - a +1 plate armour (worn)
Jewellery
 d - a +4 ring of protection {unknown}
 m - a ring of fire (left hand)
Wands
 x - a wand of polymorph (5)
 z - a wand of flame (25)
Scrolls
 b - 3 scrolls of identify {@r1}
 e - 3 scrolls of enchant armour
 f - a scroll of immolation
 o - 2 scrolls of magic mapping
 q - a scroll of fog
 s - 6 scrolls of teleportation
 t - 2 scrolls of remove curse {@r2}
 u - 3 scrolls of enchant weapon
Potions
 g - a potion of attraction {unknown}
 i - a potion of ambrosia {unknown}
 j - a potion of brilliance {unknown}
 k - 2 potions of curing {@q1}
 n - a potion of resistance {unknown}
 p - a potion of haste
 v - a potion of lignification {unknown}
 B - 2 potions of cancellation
 C - a potion of heal wounds {unknown}


   Skills:
 * Level 5.7(1.5) Fighting
 * Level 5.8(1.5) Maces & Flails
 + Level 4.1(0.0) Armour
 + Level 4.1(0.0) Shields


You had 7 spell levels left.
You didn't know any spells.
Your spell library contained the following spells:

 Spells                   Type           Power        Failure   Level
 Corona                   Hex            #......      100%        1
 Ensorcelled Hibernation  Hex/Ice        #.....       100%        2
 Confusing Touch          Hex            #.......     100%        3
 Dazzling Flash           Conj/Hex       #.....       100%        3
 Tukima's Dance           Hex            #.......     100%        3


Dungeon Overview and Level Annotations

Branches:
Dungeon (6/15)             Temple (0/1) D:5

Altars:
Ashenzari
Fedhas
Uskayaw
Xom

Shops:
D:5 [


Innate Abilities, Weirdness & Mutations

You are completely covered in rugged brown scales. (AC +3, +7% HP)
You have supernaturally acute eyesight. (SInv)
Armour fits poorly on your strangely shaped body.
You can roll at foes to attack.
You have a long armoured tail.
You curl defensively after being hit.


Message History

You hit the wight but do no damage.
The wight is almost destroyed.
The wight hits you with a +0 dire flail of protection!
* * * LOW HITPOINT WARNING * * *
You feel drained.
* * * LOW HITPOINT WARNING * * *
The wight hits you but does no damage.
You feel better. The wight hits you but does no damage.
You barely miss the wight.
The wight is almost destroyed.
The wight hits you but does no damage.
The wight hits you with a +0 dire flail of protection.
* * * LOW HITPOINT WARNING * * *
You barely miss the wight.
The wight is almost destroyed.
The wight hits you but does no damage.
The wight hits you with a +0 dire flail of protection.
* * * LOW HITPOINT WARNING * * *
You feel drained.
You die...

##################
#........@z....#..
######.##.########..#.#
..#......##.# #..#[#
#........##.# #.z#.#
##.###.###.# #....# #
#.# #.# ##.###
#.###.#### #.#
#........# ###.###
#..#####.# #.....#


You could see a wight.

Vanquished Creatures
  A sky beast (D:5)
  A necrophage (D:2)
  A phantom (D:4)
  Blork the orc (D:5)
  2 bullfrogs
  2 wights (D:6)
  3 crimson imps (D:3)
  A quasit (D:6)
  A hound (D:6)
  A jelly (D:5)
  An iguana (D:4)
  An orc wizard (D:4)
  A worker ant (D:4)
  A hound skeleton (D:4)
  11 adders
  A howler monkey skeleton (D:4)
  A shadow imp (D:5)
  2 oozes
  3 adder skeletons
  2 worms
  A dart slug (D:3)
  A leopard gecko (D:2)
  8 orcs
  8 bats
  4 giant cockroaches
  9 goblins
  6 hobgoblins
  3 jackals (D:6)
  A quokka (D:5)
  A ball python (D:1)
  4 frilled lizards
  A jackal skeleton (D:5)
  7 kobolds
  A leopard gecko skeleton (D:4)
  9 rats
102 creatures vanquished.

Notes
Turn   | Place    | Note
-------+----------+-------------------------------------------
     0 | D:1      | nicanaca0 the Palentonga Fighter began the quest for the
                  | Orb.
     0 | D:1      | Reached XP level 1. HP: 20/20 MP: 1/1
    51 | D:1      | Reached XP level 2. HP: 23/27 MP: 2/2
   530 | D:2      | Reached XP level 3. HP: 29/33 MP: 3/3
   711 | D:2      | Noticed a necrophage
   719 | D:2      | Killed a necrophage
   719 | D:2      | Reached XP level 4. HP: 36/42 MP: 4/4
  1006 | D:2      | Reached XP level 5. HP: 43/49 MP: 5/5
  1774 | D:3      | Found a shimmering altar of Xom.
  2305 | D:3      | Reached XP level 6. HP: 51/55 MP: 6/6
  3538 | D:5      | Entered Level 5 of the Dungeon
  3539 | D:5      | Gained mutation: You curl defensively after being hit.
                  | [Palentonga growth]
  3539 | D:5      | Reached XP level 7. HP: 64/64 MP: 7/7
  3764 | D:5      | Found a hide-covered altar of Uskayaw.
  3781 | D:5      | Reached skill level 5 in Maces & Flails
  3807 | D:5      | Reached skill level 5 in Fighting
  3939 | D:5      | Found Egealoth's Armour Shoppe.
  4057 | D:5      | Noticed Blork the orc
  4062 | D:5      | Killed Blork the orc
  4124 | D:5      | Found a blossoming altar of Fedhas.
  4239 | D:5      | Found a broken altar of Ashenzari.
  4327 | D:5      | Found a staircase to the Ecumenical Temple.
  4599 | D:6      | Lost dexterity.
  4949 | D:6      | Reached XP level 8. HP: 52/74 MP: 8/8
  4966 | D:6      | HP: 2/74 [wight/+0 dire flail of protection (8)]
  4969 | D:6      | Slain by a wight

Illustrated notes

Levels and vault maps discovered:
D:1:      lemuel_arrival_behind_the_door_large, layout_rooms
D:2:      layout_basic
D:3:      layout_basic, led_xom_imps, minmay_misc_feat_iff,
          chequers_serial_rivers_micro_d, minmay_fractal_squares_5
D:4:      layout_cave_pods, kennysheep_dice
D:5:      layout_rooms, fedhas_altar_1, eat_drink_and_be_merry_uskayaw,
          minmay_temple_entry_junction, serial_shops, shop,
          nicolae_ashenzari_panopticon, uniq_blork_the_orc
D:6:      layout_loops_ring

Skill      XL: |  1  2  3  4  5  6  7 |
---------------+----------------------+-----
Maces & Flails | 3 4 5 |  5.8
Armour         | 3 4 |  4.1
Shields        | 3 4 |  4.1
Fighting       | 4 5 |  5.7

Action                   |  1- 3 |  4- 6 |  7- 9 || total
-------------------------+-------+-------+-------++-------
Melee: Flail             |    82 |    59 |    25 ||   166
       Tailslap          |    10 |    25 |    11 ||    46
       Broad axe         |       |   177 |   143 ||   320
  Use: Scroll            |       |       |    14 ||    14
       Potion            |       |       |     3 ||     3
 Stab: Invisible         |       |     4 |       ||     4
Armor: Scale mail        |    26 |       |       ||    26
       Chain mail        |    20 |    34 |       ||    54
       Plate armour      |       |   157 |   325 ||   482
Dodge: Dodged            |    16 |    21 |    39 ||    76
Block: Kite shield       |    45 |   145 |   131 ||   321

Table legend: (Time is in decaauts)
 A = Elapsed time spent in this place.
 B = Non-inter-level travel time spent in this place.
 C = Inter-level travel time spent in this place.
 D = Time resting spent in this place.
 E = Time spent auto-exploring this place.
 F = Levels seen in this place.
 G = Mean time per level.
                   A        B        C        D        E       F      G
               +--------+--------+--------+--------+--------+-----+--------+
         Total |   5401 |   5252 |    149 |    316 |   3729 |   6 |  900.2 |
       Dungeon |   5401 |   5252 |    149 |    316 |   3729 |   6 |  900.2 |
               +--------+--------+--------+--------+--------+-----+--------+

Top non-repeatable levels by time:
     D:4: 1204 daAuts
     D:3: 1186 daAuts
     D:5: 988 daAuts
     D:2: 770 daAuts
     D:6: 710 daAuts
     D:1: 540 daAuts
